 Dungeon Crawl Stone Soup version 0.21.0-3-g78d12a8 (webtiles) character file.

23455 Fingolfin the Impaler (level 12, -38/104 HPs)
             Began as a Minotaur Berserker on Jan 14, 2018.
             Was a High Priest of Trog.
             Annihilated by Saint Roka
             ... wielding a +2 bardiche
              (55 damage)
             ... on level 2 of the Orcish Mines.
             The game lasted 00:34:05 (11800 turns).

Fingolfin the Impaler (Minotaur Berserker)         Turns: 11800, Time: 00:34:05

Health: -38/104    AC: 13    Str: 25    XL:     12   Next: 72%
Magic:  17/17      EV: 16    Int:  5    God:    Trog [*****.]
Gold:   1061       SH:  0    Dex: 15    Spells: 11/11 levels left

rFire    . . .     SeeInvis .   a - +1 halberd (flame)
rCold    + . .     Gourm    .   (shield currently unavailable)
rNeg     . . .     Faith    .   o - +1 ring mail of the Doge {Dex+4} (curse)
rPois    .         Spirit   .   (helmet restricted)
rElec    .         Reflect  .   I - +2 cloak
rCorr    .         Harm     .   L - +0 pair of gloves
MR       ++...                  J - +0 pair of boots
Stlth    +.........             (no amulet)
HPRegen  1.27/turn              z - ring of protection from cold
MPRegen  0.15/turn              (no ring)

@: berserk cooldown, regenerating, slowed, very slow
A: retaliatory headbutt, horns 2
a: Berserk, Trog's Hand, Brothers in Arms, Burn Spellbooks, Renounce Religion


You were on level 2 of the Orcish Mines.
You worshipped Trog.
Trog was extremely pleased with you.
You were very hungry.

You visited 3 branches of the dungeon, and saw 15 of its levels.

You collected 1061 gold pieces.

Inventory:

Hand Weapons
 a - a +1 halberd of flaming (weapon)
 b - a +0 shortbow
 w - a +2 antimagic halberd
 T - a +3 antimagic bardiche
Missiles
 j - 235 arrows
Armour
 o - the cursed +1 ring mail of the Doge (worn) {Dex+4}
   (You found it on level 4 of the Dungeon)

   It affects your dexterity (+4).
   It has a curse placed upon it.
 I - a +2 cloak (worn)
 J - a +0 pair of boots (worn)
 L - a +0 pair of gloves (worn)
Jewellery
 z - a ring of protection from cold (left hand)
Wands
 f - a wand of iceblast (8)
 n - a wand of acid (11)
 y - a wand of disintegration (12)
 A - a wand of enslavement (10)
 B - a wand of flame (48)
 C - a wand of clouds (5)
 R - a wand of polymorph (10)
Scrolls
 d - 17 scrolls of identify {unknown}
 g - 9 scrolls of remove curse
 h - 3 scrolls of blinking {unknown}
 i - 4 scrolls of magic mapping {unknown}
 k - 4 scrolls of immolation {unknown}
 l - 5 scrolls of teleportation {unknown}
 p - 4 scrolls of fog {unknown}
 r - 2 scrolls of random uselessness {unknown}
 x - 2 scrolls of enchant weapon {unknown}
 G - a scroll of acquirement {unknown}
 K - a scroll of noise {unknown}
 N - 2 scrolls of amnesia {unknown}
 O - 2 scrolls of silence {unknown}
 Q - 3 scrolls of enchant armour {unknown}
Potions
 e - 4 potions of degeneration {unknown}
 m - a potion of magic {unknown}
 q - a potion of resistance {unknown}
 s - 4 potions of brilliance {unknown}
 t - 2 potions of haste {unknown}
 u - 5 potions of curing {unknown}
 v - a potion of berserk rage {unknown}
 D - a potion of agility {unknown}
 E - a potion of ambrosia {unknown}
 F - 2 potions of heal wounds {unknown}
 H - 2 potions of mutation {unknown}
 M - a potion of invisibility
 P - 2 potions of might {unknown}
Comestibles
 c - 19 rations
 S - 2 chunks of flesh


   Skills:
 - Level 9.0 Fighting
 + Level 15.7 Polearms
 - Level 8.7 Bows
 - Level 8.0 Armour
 - Level 8.0 Dodging
 - Level 8.5 Evocations


You had 11 spell levels left.
You didn't know any spells.

Dungeon Overview and Level Annotations

Branches:
Dungeon (12/15)            Temple (1/1) D:7            Lair (0/6) D:9
    Orc (2/2) D:11
    Elf: Orc:2

Altars:
Ashenzari
Cheibriados
Dithmenos
Elyvilon
Fedhas
Gozag
Hepliaklqana
Kikubaaqudgha
Makhleb
Nemelex Xobeh
Okawaru
Qazlal
Ru
Sif Muna
Trog
Uskayaw
Vehumet
Wu Jian
Xom
Yredelemnul
Zin
The Shining One

Shops:
D:5 [

Portals:
Trove: D:11 (give +4 fire dragon scales)

Annotations:
D:1 need dig
D:11 +4 FDS trove
Orc:2 Saint Roka


Innate Abilities, Weirdness & Mutations

You reflexively headbutt those who attack you in melee.
You have a pair of horns on your head.


Message History

Aim: Saint Roka, wielding an enchanted bardiche and wearing a plate armour (lightly wounded, unusually strong)
You reach to attack!
You hit Saint Roka. You burn Saint Roka.
Saint Roka is lightly wounded.
The orc warrior no longer looks unusually strong.
Saint Roka roars a battlecry!
The orc warrior goes into a battle-frenzy!
Attack whom?
Press: ? - help, Dir - move target cursor, f/p - Saint Roka
Aim: Saint Roka, wielding an enchanted bardiche and wearing a plate armour (lightly wounded, unusually strong)
You reach to attack!
You impale Saint Roka!! You burn Saint Roka.
Saint Roka is lightly wounded.
You are no longer berserk.
You are exhausted.
You feel yourself slow down.
Your skin crawls.
You feel resistant to hostile enchantments.
You feel somewhat more hungry.
Saint Roka hits you from afar with an enchanted bardiche!!!
Ouch! That really hurt!
You die...

..................####....
...............### ##...
...........##### ####
#####...#### #8.8# ##'##
#+###.### #.......#
#.##+##@# #)# #oo....+
#o####.#


oo# .o# ⌠.o# ...# ..... You could see Saint Roka, 3 orc warriors, an orc priest
and 2 orcs.

Vanquished Creatures
  An orc warlord (Orc:2)
  Josephine (D:10)
  The ghost of MirrMurr the Cleaver, a journeyman DDFi of Makhleb (D:11)
  2 two-headed ogres
  Erica (D:8)
  An orc high priest (Orc:1)
  Nergalle (D:10)
  2 orc knights (Orc:1)
  An orc sorcerer (Orc:1)
  An ugly thing (D:11)
  Maurice (D:10)
  2 trolls
  Prince Ribbit (D:9)
  A polar bear (D:9)
  2 hippogriffs
  Sigmund (D:6)
  A wyvern (D:10)
  4 wraiths (D:10)
  19 yaks
  Grum (D:10)
  A human (D:7)
  3 hogs (D:7)
  A hungry ghost (D:11)
  2 wargs
  Duvessa (D:7)
  3 water moccasins
  The ghost of Zeloya the Gusty, an amateur KoAE of Sif Muna (D:3)
  14 orc warriors
  2 sky beasts
  3 necrophages
  A black bear (D:9)
  5 ice beasts
  2 phantoms
  5 centaurs
  5 ogres
  4 wolves
  A crocodile (D:11)
  Blork the orc (D:4)
  3 big kobolds
  10 bullfrogs
  A gnoll sergeant (D:6)
  Dowan (D:7)
  A water moccasin zombie (D:6)
  A water moccasin skeleton (D:9)
  A wyvern skeleton (D:11)
  9 scorpions
  9 howler monkeys
  4 killer bees (D:9)
  11 wights
  3 electric eels (D:9)
  6 crimson imps
  3 bullfrog zombies
  2 hounds
  A jelly (D:5)
  3 bullfrog skeletons
  2 centaur skeletons
  8 orc priests
  Crazy Yiuf (D:7)
  3 gnoll shamans (D:6)
  8 orc wizards
  3 iguanas
  9 worker ants
  A hound zombie (D:5)
  37 gnolls (D:6)
  2 howler monkey skeletons
  10 adders
  2 shadow imps
  7 white imps (D:9)
  An ufetubus (D:9)
  3 oozes
  3 adder skeletons
  5 worms
  5 dart slugs
  7 leopard geckos
  59 orcs
  6 bats
  9 giant cockroaches
  4 goblins
  8 hobgoblins
  16 jackals (D:6)
  6 quokkas
  3 ball pythons
  9 frilled lizards
  A jackal skeleton (D:5)
  21 kobolds
  A leopard gecko zombie (D:8)
  5 quokka skeletons
  11 rats
  A toadstool (D:1)
446 creatures vanquished.

Vanquished Creatures (collateral kills)
  The ghost of bmj180 the Cleaver, a journeyman HOFi of Okawaru (D:11)
1 creature vanquished.

Vanquished Creatures (others)
  A white imp (D:9)
  3 toadstools (D:1)
4 creatures vanquished.

Grand Total: 451 creatures vanquished

Notes
Turn   | Place    | Note
-------+----------+-------------------------------------------
     0 | D:1      | Fingolfin the Minotaur Berserker began the quest for the Orb.
     0 | D:1      | Reached XP level 1. HP: 19/19 MP: 0/0
    17 | D:1      | Reached skill level 4 in Polearms
   104 | D:1      | Reached XP level 2. HP: 23/26 MP: 1/1
   457 | D:1      | Reached skill level 5 in Polearms
   462 | D:1      | Reached ** piety under Trog
   773 | D:2      | Reached XP level 3. HP: 31/31 MP: 2/2
  1244 | D:2      | Reached skill level 6 in Polearms
  1244 | D:2      | Reached XP level 4. HP: 37/39 MP: 3/3
  1514 | D:2      | Found a shimmering altar of Xom.
  1521 | D:2      | Found a blossoming altar of Fedhas.
  1521 | D:2      | Found a snail-covered altar of Cheibriados.
  1523 | D:2      | Found a burning altar of Makhleb.
  1523 | D:2      | Found an ancient bone altar of Kikubaaqudgha.
  1523 | D:2      | Found an opulent altar of Gozag.
  1818 | D:3      | Noticed Zeloya's ghost (amateur KoAE)
  1828 | D:3      | Killed Zeloya's ghost
  1828 | D:3      | Reached skill level 7 in Polearms
  1828 | D:3      | Reached XP level 5. HP: 45/45 MP: 4/4
  2303 | D:3      | Reached *** piety under Trog
  2303 | D:3      | Reached skill level 8 in Polearms
  2543 | D:4      | Reached XP level 6. HP: 47/51 MP: 5/5
  2647 | D:4      | Reached skill level 9 in Polearms
  2844 | D:4      | Noticed Blork the orc
  2848 | D:4      | Killed Blork the orc
  2853 | D:4      | Reached skill level 5 in Fighting
  2853 | D:4      | Reached XP level 7. HP: 61/61 MP: 6/6
  2874 | D:4      | Found an ancient bone altar of Kikubaaqudgha.
  2985 | D:4      | Got an encrusted ring mail
  2996 | D:4      | Identified the cursed +1 ring mail of the Doge {Dex+4} (You found it on level 4 of the Dungeon)
  3414 | D:5      | Entered Level 5 of the Dungeon
  3433 | D:5      | Found a glowing golden altar of the Shining One.
  3672 | D:5      | Found Deafao's Antique Armour Shoppe.
  3926 | D:5      | Reached XP level 8. HP: 73/75 MP: 7/7
  3941 | D:5      | Reached **** piety under Trog
  3945 | D:5      | Found a snail-covered altar of Cheibriados.
  3948 | D:5      | Found a hazy altar of Hepliaklqana.
  3989 | D:5      | Found a burning altar of Makhleb.
  4705 | D:6      | Reached skill level 5 in Armour
  4731 | D:6      | Noticed Sigmund
  4740 | D:6      | Killed Sigmund
  5314 | D:6      | Reached XP level 9. HP: 79/83 MP: 8/8
  5471 | D:6      | Reached ***** piety under Trog
  5598 | D:6      | Received a gift from Trog
  5793 | D:7      | Found a white marble altar of Elyvilon.
  5866 | D:7      | Reached skill level 5 in Dodging
  6192 | D:7      | Reached skill level 1 in Evocations
  6382 | D:7      | Found a staircase to the Ecumenical Temple.
  6384 | D:7      | Noticed Duvessa
  6386 | D:7      | Noticed Dowan
  6399 | D:7      | Killed Duvessa
  6402 | D:7      | Killed Dowan
  6437 | Temple   | Entered the Ecumenical Temple
  6588 | D:7      | Reached XP level 10. HP: 91/91 MP: 12/12
  6718 | D:7      | Found a runed door.
  6762 | D:7      | Noticed Crazy Yiuf
  6765 | D:7      | Killed Crazy Yiuf
  7045 | D:8      | Reached skill level 5 in Evocations
  7199 | D:8      | Noticed Erica
  7208 | D:8      | Killed Erica
  7247 | D:8      | Found a hide-covered altar of Uskayaw.
  7498 | D:8      | Noticed a two-headed ogre
  7512 | D:8      | Killed a two-headed ogre
  7514 | D:8      | Reached skill level 1 in Bows
  7869 | D:9      | Found a blossoming altar of Fedhas.
  7876 | D:9      | Received a gift from Trog
  8025 | D:9      | Noticed Prince Ribbit
  8030 | D:9      | Killed Prince Ribbit
  8057 | D:9      | Reached XP level 11. HP: 91/97 MP: 16/16
  8062 | D:9      | Reached skill level 5 in Bows
  8463 | D:9      | Found a staircase to the Lair.
  8680 | D:9      | Found a deep blue altar of Sif Muna.
  8680 | D:9      | Found a bloodstained altar of Trog.
  8782 | D:9      | Found a sparkling altar of Nemelex Xobeh.
  8828 | D:10     | Entered Level 10 of the Dungeon
  8896 | D:10     | Noticed a two-headed ogre
  8902 | D:10     | Killed a two-headed ogre
  8922 | D:10     | Noticed Josephine
  8934 | D:10     | Killed Josephine
  8934 | D:10     | Received a gift from Trog
  9261 | D:10     | Noticed Nergalle
  9282 | D:10     | Killed Nergalle
  9282 | D:10     | Reached skill level 10 in Polearms
  9605 | D:10     | Noticed Grum
  9615 | D:10     | Killed Grum
  9615 | D:10     | Reached skill level 11 in Polearms
  9672 | D:10     | Noticed Maurice
  9728 | D:10     | Killed Maurice
 10147 | D:11     | Noticed MirrMurr's ghost (journeyman DDFi)
 10149 | D:11     | Reached skill level 12 in Polearms
 10186 | D:11     | Killed MirrMurr's ghost
 10186 | D:11     | Reached XP level 12. HP: 25/104 MP: 17/17
 10547 | D:11     | Received a gift from Trog
 10566 | D:11     | Reached skill level 13 in Polearms
 10602 | D:11     | Received a gift from Trog
 10662 | D:11     | Noticed bmj180's ghost (journeyman HOFi)
 10696 | D:11     | Killed bmj180's ghost
 10912 | D:11     | Found a white marble altar of Elyvilon.
 11057 | D:11     | Found a staircase to the Orcish Mines.
 11117 | D:11     | Found a portal to a secret trove of treasure.
 11332 | Orc:1    | Entered Level 1 of the Orcish Mines
 11335 | Orc:1    | Reached skill level 14 in Polearms
 11527 | Orc:1    | Noticed an orc high priest
 11546 | Orc:1    | Killed an orc high priest
 11546 | Orc:1    | Reached skill level 15 in Polearms
 11610 | Orc:2    | Entered Level 2 of the Orcish Mines
 11771 | Orc:2    | Noticed an orc warlord
 11773 | Orc:2    | Noticed Saint Roka
 11790 | Orc:2    | Killed an orc warlord
 11800 | Orc:2    | Annihilated by Saint Roka

Skill      XL: |  1  2  3  4  5  6  7  8  9 10 11 12 |
---------------+-------------------------------------+-----
Polearms       | 4 5 6 7 8 9 12 15 | 15.7
Fighting       | 5 8 9 |  9.0
Armour         | 8 |  8.0
Dodging        | 8 |  8.0
Evocations     | 4 8 |  8.5
Bows           | 4 8 |  8.7

Action                   |  1- 3 |  4- 6 |  7- 9 | 10-12 || total
-------------------------+-------+-------+-------+-------++-------
Melee: Spear             |   104 |     5 |       |       ||   109
       Headbutt          |    15 |     8 |    49 |   105 ||   177
       Trident           |       |   114 |     3 |       ||   117
       Halberd           |       |       |   276 |   590 ||   866
       Unarmed           |       |       |       |     9 ||     9
 Fire: Shortbow          |       |       |       |     5 ||     5
Invok: Berserk           |       |     3 |     5 |    14 ||    22
       Trog's Hand       |       |       |     1 |     5 ||     6
       Burn Spellbooks   |       |       |       |     2 ||     2
       Brothers in Arms  |       |       |       |     1 ||     1
  Use: Scroll            |       |     1 |       |       ||     1
 Stab: Sleeping          |     1 |       |       |       ||     1
       Distracted        |       |       |       |     1 ||     1
       Confused          |       |       |       |     1 ||     1
  Eat: Chunk             |     1 |     6 |    19 |    27 ||    53
       Ration            |       |       |       |     1 ||     1
Armor: Animal skin       |     4 |       |       |       ||     4
       Leather armour    |    12 |     6 |       |       ||    18
       Ring mail         |       |    12 |    62 |   141 ||   215
       Skin              |       |       |       |     1 ||     1
Dodge: Dodged            |    38 |    35 |   132 |   354 ||   559
